[Event "Team 45 45 League T46"]
[Site "Internet Chess Club"]
[Date "2010.08.29"]
[Round "4"]
[White "chicopee-ed"]
[Black "Just-Jim"]
[Result "1-0"]
[WhiteElo "1341"]
[BlackElo "1339"]
[Opening "Queen's pawn game"]
[ECO "D02"]
[Time "13:00:10"]
[TimeControl "2700+45"]

1. d4 d5 2. Nf3 h6 3. e3 Nf6 4. Bd3 a6 5. O-O Nc6 6. c3 Bg4 7. Nbd2 e6 8. h3 Bh5
9. e4 Bxf3 10. Qxf3 dxe4 11. Nxe4 Be7 12. Bf4 O-O 13. Rfe1 Nh7 14. Qg3 Bh4 15.
Bxc7 Bxg3 16. Bxd8 Bxf2+ 17. Kxf2 Raxd8 18. Rad1 f5 19. Nc5 Ng5 20. Nxe6 Nxe6
21. Rxe6 Rde8 22. Rxe8 Rxe8 23. Re1 Rf8 24. g3 g6 25. Re3 Kg7 26. Rf3 h5 27. g4
hxg4 28. hxg4 Ne7 29. gxf5 gxf5 30. c4 Nc6 31. Rxf5 Rxf5+ 32. Bxf5 Nxd4 33. Bc8
b5 34. Bxa6 b4 35. c5 Kf6 36. Bb7 Ke5 37. c6 Kd6 38. Ke3 Nxc6 39. Bxc6 Kxc6 40.
Kd4 Kb5 41. b3 Kb6 42. Kc4 Ka5 43. Kc5 Ka6 44. Kxb4 Kb6 45. a3 Ka6 46. Kc5 Ka5
47. b4+ {Black resigns} 1-0

[Event "Team 45 45 League T46"]
[Site "Internet Chess Club"]
[Date "2010.08.28"]
[Round "4"]
[White "rgadoury"]
[Black "Knight2night"]
[Result "0-1"]
[WhiteElo "1271"]
[BlackElo "1161"]
[Opening "Sicilian defense"]
[ECO "B30"]
[Time "14:00:47"]
[TimeControl "2700+45"]

1. e4 c5 2. Nf3 Nc6 3. Bc4 e6 4. d3 d5 5. exd5 exd5 6. Bb5 Qa5+ 7. Nc3 d4 8.
Bxc6+ bxc6 9. Bd2 dxc3 10. Bxc3 Qd8 11. O-O Nf6 12. Re1+ Be7 13. Ne5 Qd5 14. h3
O-O 15. Nf3 Be6 16. Qd2 Rae8 17. Re5 Qd8 18. Rae1 Bd6 19. R5e2 Bd5 20. Rxe8 Rxe8
21. Rxe8+ Qxe8 22. b3 Bxf3 23. gxf3 Nd5 24. Bb2 Qe6 25. Qg5 Qe1+ 26. Kg2 Nf4+
27. Kg3 Ne6+ {White resigns} 0-1

[Event "Team 45 45 League T46"]
[Site "Internet Chess Club"]
[Date "2010.08.29"]
[Round "4"]
[White "Gunter"]
[Black "chadivision"]
[Result "1/2-1/2"]
[WhiteElo "1186"]
[BlackElo "1094"]
[Opening "Giuoco Piano"]
[ECO "C54"]
[Time "13:15:20"]
[TimeControl "2700+45"]

1. e4 e5 2. Nf3 Nc6 3. Bc4 Bc5 4. c3 Nf6 5. d3 d6 6. O-O O-O 7. h3 Be6 8. Nbd2
Qd7 9. Bxe6 fxe6 10. b4 Bb6 11. Nc4 Qf7 12. Nxb6 axb6 13. a3 h6 14. Be3 Nh5 15.
d4 Rad8 16. Qe2 Qg6 17. Nh4 Qxe4 18. Qxh5 Rf6 19. Rae1 Qc2 20. Rc1 Qa2 21. Ra1
Qc2 22. Rac1 Qb2 23. Rb1 Qxc3 24. dxe5 Nxe5 25. Rbc1 Qxa3 26. Rxc7 Qxb4 27. Rxb7
Rd7 28. Rxd7 Nxd7 29. Qe8+ Kh7 30. Qxd7 Qxh4 31. Bd4 Qxd4 32. Kh1 Rxf2 33. Rxf2
Qxf2 34. Qxe6 Qc5 35. Qe4+ Kh8 36. Qe8+ Kh7 37. Qe4+ Kg8 38. Qe8+ Kh7 39. Qe4+
{Game drawn by repetition} 1/2-1/2

[Event "Team 45 45 League T46"]
[Site "Internet Chess Club"]
[Date "2010.08.28"]
[Round "4"]
[White "oldbookseller"]
[Black "bigdill"]
[Result "1-0"]
[WhiteElo "988"]
[BlackElo "828"]
[Opening "Queen's pawn game"]
[ECO "D02"]
[Time "19:03:39"]
[TimeControl "2700+45"]

1. d4 d5 2. Nf3 Bf5 3. e3 e6 4. Be2 Bb4+ 5. Nbd2 Nf6 6. O-O Ne4 7. c3 Bd6 8. b4
O-O 9. Bb2 Qf6 10. c4 Qg6 11. Nh4 Qg5 12. Ndf3 Qh5 13. c5 Be7 14. b5 c6 15. a4
Bxh4 16. g3 Bh3 17. Re1 Bf6 18. a5 Bg4 19. a6 b6 20. Rc1 bxc5 21. Ba3 Be7 22.
dxc5 Bf6 23. b6 axb6 24. cxb6 Nxa6 25. Rxc6 Nc3 26. Qc2 Bf5 27. Qd2 Ne4 28. Qa5
Bc3 29. Qb5 Bxe1 30. Nxe1 Nc3 31. Bxh5 Nxb5 32. b7 Rab8 33. Bxf8 Nb4 34. Bxb4
Na7 35. Rc7 g6 36. Bc5 Nb5 37. Re7 gxh5 38. Nf3 Nc3 39. Bd6 Ne2+ 40. Kf1 Bd3 41.
Ne5 Ba6 42. Bxb8 Nc3+ 43. Kg1 Ne2+ 44. Kh1 Nc3 45. Bd6 Kg7 46. b8=Q Nb5 47.
Rxf7+ Kh6 48. Qf8+ {Black resigns} 1-0

[Event "Team 45 45 League T46"]
[Site "Internet Chess Club"]
[Date "2010.08.28"]
[Round "4"]
[White "parrot9"]
[Black "MarkNY"]
[Result "1-0"]
[WhiteElo "1669"]
[BlackElo "1766"]
[Opening "Sicilian: dragon, Yugoslav attack, Rauser variation"]
[ECO "B76"]
[Time "09:03:46"]
[TimeControl "2700+45"]

1. e4 c5 2. Nf3 d6 3. d4 cxd4 4. Nxd4 Nf6 5. Nc3 g6 6. f3 Bg7 7. Be3 O-O 8. Qd2
Nc6 9. O-O-O Bd7 10. g4 Rc8 11. h4 h5 12. gxh5 Nxh5 13. Be2 Ne5 14. f4 Nc4 15.
Bxc4 Rxc4 16. f5 Qa5 17. Kb1 gxf5 18. exf5 Bxf5 19. Rhg1 Bg6 20. Rg5 Qa6 21.
Rdg1 Kh7 22. Nf5 Bf6 23. Bd4 Bxd4 24. Rxh5+ Kg8 25. Qh6 {Black resigns} 1-0

[Event "Team 45 45 League T46"]
[Site "Internet Chess Club"]
[Date "2010.08.29"]
[Round "4"]
[White "BotanicalKnight"]
[Black "Invicta-Knight"]
[Result "1-0"]
[WhiteElo "1572"]
[BlackElo "1540"]
[Opening "Scandinavian (center counter) defense"]
[ECO "B01"]
[Time "06:01:26"]
[TimeControl "2700+45"]

1. e4 d5 2. Nc3 d4 3. Nce2 e5 4. Ng3 c5 5. Bc4 Qb6 6. d3 Nf6 7. N1e2 Qc6 8. a4
a6 9. f4 Bd6 10. O-O Be6 11. Bxe6 fxe6 12. f5 Be7 13. fxe6 Qxe6 14. Nf5 O-O 15.
Nxe7+ Qxe7 16. Bg5 Nbd7 17. Ng3 Qe6 18. h3 b5 19. b3 Rfb8 20. Nf5 c4 21. Qf3
cxb3 22. cxb3 Qxb3 23. Qg3 g6 24. Bxf6 Nxf6 25. Ne7+ Kg7 26. Qxe5 Rb6 27. Nd5
Rc6 28. Rxf6 Rxf6 29. Qxf6+ Kh6 30. Qf4+ Kg7 31. Rf1 Qa3 32. Qf6+ Kh6 33. Rf4
{Black forfeits on time} 1-0

[Event "Team 45 45 League T46"]
[Site "Internet Chess Club"]
[Date "2010.08.27"]
[Round "4"]
[White "ElmerHo"]
[Black "vollmerj"]
[Result "1/2-1/2"]
[WhiteElo "1598"]
[BlackElo "1716"]
[Opening "Pirc: 150 attack"]
[ECO "B07"]
[Time "19:01:15"]
[TimeControl "2700+45"]

1. e4 d6 2. d4 Nf6 3. Nc3 g6 4. Be3 c6 5. Qd2 Bg7 6. f3 O-O 7. g4 e5 8. O-O-O
exd4 9. Bxd4 d5 10. g5 Nh5 11. Bxg7 Nxg7 12. exd5 Nf5 13. dxc6 Qxd2+ 14. Rxd2
Nxc6 15. Nge2 Be6 16. Bh3 Ne5 17. Nf4 Nxf3 18. Nxe6 fxe6 19. Rd7 Nxg5 20. Bxf5
exf5 21. Rxb7 f4 22. Rf1 f3 23. Nd1 a5 24. Re7 a4 25. a3 Ra5 {Game drawn by
mutual agreement} 1/2-1/2

[Event "Team 45 45 League T46"]
[Site "Internet Chess Club"]
[Date "2010.08.29"]
[Round "4"]
[White "crankn8tr"]
[Black "houseofcook"]
[Result "1-0"]
[WhiteElo "1464"]
[BlackElo "1377"]
[Opening "French: Burn variation"]
[ECO "C11"]
[Time "13:05:23"]
[TimeControl "2700+45"]

1. e4 e6 2. d4 d5 3. Nc3 Nf6 4. Bg5 dxe4 5. Nxe4 Be7 6. Nxf6+ Bxf6 7. Bxf6 Qxf6
8. Nf3 b6 9. Ne5 O-O 10. Bb5 a6 11. Bd3 Bb7 12. O-O Qg5 13. Qg4 Qxg4 14. Nxg4
Rd8 15. c3 Nd7 16. Rad1 c5 17. dxc5 Nxc5 18. Bc2 Rac8 19. f3 a5 20. Rfe1 Bd5 21.
b3 b5 22. Ne3 Ba8 23. c4 b4 24. Ng4 f6 25. Nf2 e5 26. Bf5 Rb8 27. Nd3 Nxd3 28.
Bxd3 Rd4 29. Be4 Bxe4 30. Rxd4 exd4 31. Rxe4 Rd8 32. Kf1 d3 33. Ke1 d2+ 34. Kd1
Kf7 35. Re2 a4 36. Rxd2 Ra8 37. Ke2 axb3 38. axb3 Ra3 39. Rd3 Ra2+ 40. Kf1 Ra1+
41. Kf2 Ra2+ 42. Kg3 Rc2 43. Rd7+ Kg6 44. Rb7 f5 45. Rxb4 h5 46. h4 Rc3 47. Kf4
Rc2 48. g3 Rc3 49. g4 fxg4 50. fxg4 hxg4 51. Kxg4 Rc1 52. Rb6+ Kh7 53. h5 Rg1+
54. Kf4 Rf1+ 55. Ke3 Rf5 56. Rb5 Rf6 57. Ke4 Kh6 58. Rd5 Rb6 59. Rb5 Rf6 60. Kd3
Rf3+ 61. Kc2 g5 62. hxg6 Kxg6 63. Rd5 Rf2+ 64. Kc3 Kf7 65. Kb4 Ke6 66. Kb5 Rf8
67. b4 Rb8+ 68. Ka4 Ra8+ 69. Kb3 Rb8 70. b5 Rb7 71. Kb4 Rb8 72. Ka5 Rc8 73. Kb4
Rb8 74. Rh5 Kf6 75. c5 Kg6 76. Rd5 Ra8 77. c6 Ra1 78. c7 Rb1+ 79. Kc5 Rc1+ 80.
Kb6 {Black resigns} 1-0

[Event "Team 45 45 League T46"]
[Site "Internet Chess Club"]
[Date "2010.08.31"]
[Round "4"]
[White "subterfuge"]
[Black "taldeital"]
[Result "1-0"]
[WhiteElo "1754"]
[BlackElo "1507"]
[Opening "Queen's pawn game"]
[ECO "D02"]
[Time "18:02:05"]
[TimeControl "2700+45"]

1. d4 d5 2. Nf3 Bf5 3. c4 c6 4. Nc3 e6 5. e3 Nf6 6. Nh4 Bg6 7. h3 Be4 8. Qb3 Qb6
9. f3 Qxb3 10. axb3 Bc2 11. g4 Bxb3 12. c5 Be7 13. Ng2 Nbd7 14. h4 h6 15. Bd3 e5
16. Be2 e4 17. Nf4 Bc2 18. b4 exf3 19. Bxf3 Nf8 20. Rh2 Bh7 21. b5 Ng6 22. Nfe2
Nd7 23. bxc6 bxc6 24. h5 Ngf8 25. Ng3 Ne6 26. Rha2 Ndxc5 27. dxc5 Bxc5 28. Ra6
Kd7 29. Ke2 Ng5 30. Na4 Bd6 31. Nf5 Bxf5 32. gxf5 Rhb8 33. Ba3 Nxf3 34. Kxf3 Be5
35. Nc5+ Kc7 36. Rc1 Rb6 37. Ra4 a5 38. Nd3 Bf6 39. Nf4 Rb3 40. Nxd5+ Kd7 41.
Nxf6+ gxf6 42. Rd4+ Kc7 43. Bd6+ Kb7 44. Bf4 a4 45. Rd7+ Kb6 46. Rxf7 a3 47.
Rxf6 a2 48. Rfxc6+ Kb5 49. Be5 Rb1 50. R1c5+ Kb4 51. Bc3+ Kb3 52. Rb6+ Ka4 53.
Rc4+ Ka3 54. Rxh6 Kb3 55. Rhc6 Rc1 56. Rb4+ Ka3 57. Bb2+ Kxb4 58. Rxc1 Kb3 59.
Bd4 Ra5 60. Kf4 Ra4 61. Rh1 Kc4 62. h6 Kb3 63. h7 Rxd4+ 64. exd4 Kb2 65. h8=Q
{Black resigns} 1-0

[Event "Team 45 45 League T46"]
[Site "Internet Chess Club"]
[Date "2010.08.27"]
[Round "4"]
[White "LazyPeon"]
[Black "Warpdrive"]
[Result "1-0"]
[WhiteElo "1676"]
[BlackElo "1613"]
[Opening "King's Indian: orthodox, Aronin-Taimanov variation (Yugoslav attack / Mar del Plata variation)"]
[ECO "E97"]
[Time "18:03:26"]
[TimeControl "2700+45"]

1. d4 Nf6 2. c4 g6 3. Nc3 Bg7 4. Nf3 O-O 5. e4 d6 6. Be2 e5 7. O-O Nc6 8. d5 Ne7
9. Be3 Nd7 10. Nd2 f5 11. f3 f4 12. Bf2 Nf6 13. b4 g5 14. c5 Ng6 15. Nc4 a6 16.
cxd6 cxd6 17. Bb6 Qd7 18. Rc1 h5 19. Bf2 Qd8 20. Qb3 g4 21. Bb6 Qe7 22. b5 Nh4
23. Qb4 gxf3 24. gxf3 Bh3 25. Rfd1 Ne8 26. Kf2 Ng2 27. Bf1 Qh4+ 28. Ke2 Ne3 29.
Nxe3 fxe3 30. Bxe3 Rxf3 31. Kxf3 Bg4+ 32. Kg2 Qh3+ 33. Kf2 Qf3+ 34. Ke1 Qxe3+
35. Ne2 Bf6 36. Rd2 Bh4+ 37. Kd1 Qg1 38. Kc2 Bxe2 39. Bxe2 Rc8+ 40. Bc4 Qc5 41.
Qxc5 Rxc5 42. Rg2+ Kh7 43. bxa6 Rxc4+ 44. Kb3 Rxc1 45. axb7 Rb1+ 46. Rb2 Rxb2+
47. Kxb2 {Black resigns} 1-0

[Event "Team 45 45 League T46"]
[Site "Internet Chess Club"]
[Date "2010.08.26"]
[Round "4"]
[White "Xanther"]
[Black "smsxman"]
[Result "1-0"]
[WhiteElo "1510"]
[BlackElo "1409"]
[Opening "Alekhine's defense"]
[ECO "B02"]
[Time "13:01:15"]
[TimeControl "2700+45"]

1. e4 Nf6 2. Nc3 Nc6 3. d4 e5 4. dxe5 Nxe5 5. Bf4 Bd6 6. Qd4 Qe7 7. Bg5 Bc5 8.
Qd1 Bxf2+ 9. Kxf2 Nfg4+ 10. Ke1 Qxg5 11. Nd5 Qd8 12. Nf3 c6 13. h3 cxd5 14. hxg4
Nxf3+ 15. Qxf3 Qe7 16. Bd3 O-O 17. Kf1 dxe4 18. Qxe4 Qf6+ 19. Qf3 Qxb2 20. Bxh7+
Kh8 21. Bg6+ Kg8 22. Rh8+ Kxh8 23. Qh3+ {Black resigns} 1-0

[Event "Team 45 45 League T46"]
[Site "Internet Chess Club"]
[Date "2010.08.26"]
[Round "4"]
[White "IanT"]
[Black "Bible"]
[Result "0-1"]
[WhiteElo "1382"]
[BlackElo "1369"]
[Opening "Philidor: exchange variation"]
[ECO "C41"]
[Time "07:36:12"]
[TimeControl "2700+45"]

1. e4 e5 2. Nf3 d6 3. d4 exd4 4. Nxd4 Nf6 5. Nc3 Be7 6. Bd3 Bg4 7. f3 Bc8 8. O-O
Nbd7 9. Be3 O-O 10. Qe2 Re8 11. Rad1 Ne5 12. Rde1 c6 13. Qd2 a6 14. b3 d5 15.
Bf4 Ng6 16. e5 Nh5 17. Be3 Nxe5 18. f4 Nxd3 19. Qxd3 Nf6 20. Rf3 c5 21. Nde2 d4
22. Nxd4 cxd4 23. Bxd4 g6 24. Rxe7 Bf5 25. Rxe8+ Nxe8 26. Qd2 Ng7 27. Rf2 Ne6
28. Be5 Qa5 29. a4 Rd8 30. Qe3 h5 31. Rd2 Rc8 32. Rd5 Qb4 33. Qd2 Qb6+ 34. Bd4
Nxd4 35. Rxd4 Rd8 36. Ne2 Bg4 37. Kf1 Bxe2+ {White resigns} 0-1

[Event "Team 45 45 League T46"]
[Site "Internet Chess Club"]
[Date "2010.08.28"]
[Round "4"]
[White "toukon"]
[Black "alaskauk"]
[Result "1-0"]
[WhiteElo "1682"]
[BlackElo "1513"]
[Opening "Ruy Lopez: 5.O-O"]
[ECO "C78"]
[Time "13:00:33"]
[TimeControl "2700+45"]

1. e4 e5 2. Nf3 Nc6 3. Bb5 a6 4. Ba4 Nf6 5. O-O b5 6. Bb3 Bc5 7. c3 d6 8. d4 Bb6
9. Bg5 h6 10. Bh4 g5 11. Bg3 Nxe4 12. Bd5 Nxg3 13. Bxc6+ Bd7 14. Bxd7+ Qxd7 15.
hxg3 e4 16. Re1 f5 17. Na3 O-O-O 18. Nd2 Qf7 19. g4 d5 20. gxf5 Qxf5 21. Qh5
Rdf8 22. Rf1 Qf4 23. Rad1 e3 24. Qh3+ Kb7 25. Qxe3 Qd6 26. Nf3 c6 27. Nc2 Bc7
28. Ne5 Re8 29. Nb4 Qf6 30. Nbd3 Re7 31. Rde1 h5 32. Qf3 Qxf3 33. Nxf3 Rg7 34.
Re6 h4 35. Rfe1 g4 36. Nfe5 g3 37. fxg3 hxg3 38. Rg6 Rgh7 39. Rxg3 Bd8 40. Rh3
Rxh3 41. gxh3 Rxh3 42. Kg2 Rh7 43. Nc5+ Kb6 44. Ne6 Be7 45. Rh1 Rh4 46. Rxh4
Bxh4 47. Kh3 Be1 48. Kg4 Bd2 49. Nd3 a5 50. a3 a4 51. Nef4 Bxf4 52. Kxf4 Ka5 53.
Ke5 b4 54. Nxb4 Kb5 55. Kd6 Kc4 56. Kxc6 Kb3 57. Nd3 {Black resigns} 1-0

[Event "Team 45 45 League T46"]
[Site "Internet Chess Club"]
[Date "2010.08.27"]
[Round "4"]
[White "Tjet"]
[Black "KidCopperhead"]
[Result "0-1"]
[WhiteElo "1520"]
[BlackElo "1405"]
[Opening "English opening"]
[ECO "A20"]
[Time "20:01:50"]
[TimeControl "2700+45"]

1. c4 e5 2. g3 Nf6 3. Bg2 d6 4. Nc3 Be6 5. d3 c6 6. e4 d5 7. cxd5 cxd5 8. exd5
Nxd5 9. Nxd5 Bxd5 10. Bxd5 Qxd5 11. Qf3 Bb4+ 12. Kf1 Qd7 13. Qe4 O-O 14. Qxb4
Qxd3+ 15. Ne2 Qf3 16. Rg1 Nd7 17. Be3 Nf6 18. Rg2 Nd5 19. Qb3 Rfc8 20. Rd1 Rc2
21. Qd3 Rd8 22. Bd2 Qxd3 23. Ke1 Nb4 {White resigns} 0-1

[Event "Team 45 45 League T46"]
[Site "Internet Chess Club"]
[Date "2010.08.28"]
[Round "4"]
[White "KidBoa"]
[Black "dpmdpm"]
[Result "0-1"]
[WhiteElo "1303"]
[BlackElo "1443"]
[Opening "Queen's pawn: Chigorin variation"]
[ECO "D00"]
[Time "09:00:21"]
[TimeControl "2700+45"]

1. d4 d5 2. Nc3 Nf6 3. Nf3 Bf5 4. Bf4 e6 5. Nb5 Na6 6. e3 c6 7. Nc3 Qb6 8. Na4
Qa5+ 9. c3 b5 10. Nc5 Nxc5 11. dxc5 b4 12. a3 bxc3 13. b4 Qd8 14. Bd3 Bxd3 15.
Qxd3 Ne4 16. Ne5 Rc8 17. Qa6 f6 18. Nxc6 Qd7 19. Nd4 e5 20. Qe6+ Be7 21. Qxd7+
Kxd7 22. f3 Nd2 23. Nb5 exf4 24. exf4 Nc4 25. Nxc3 Ke6 26. Nb5 a6 27. Nc3 f5 28.
O-O d4 29. Rfe1+ Kf7 30. Nd5 Rhe8 31. a4 Bf6 32. Rxe8 Kxe8 33. Nxf6+ gxf6 34.
Rc1 Nb2 35. a5 Nd3 36. Rc4 Nxf4 37. g3 Ne6 38. g4 fxg4 39. fxg4 Kd7 40. Kf2 Kc6
41. Kf3 Kb5 42. Rc1 Kxb4 43. Ke4 Rxc5 44. Rxc5 Kxc5 45. Kd3 Kb5 46. h3 Kxa5 47.
Kc2 Kb5 48. Kb3 a5 49. Kb2 Kc4 50. Kc2 a4 51. Kb2 Nc5 52. Kc2 h6 53. h4 a3 54.
Kc1 Kc3 55. Kb1 d3 56. Ka1 d2 57. Ka2 Kb4 58. Kb1 d1=Q+ 59. Ka2 Qb3+ 60. Ka1
Qb2# {White checkmated} 0-1

[Event "Team 45 45 League T46"]
[Site "Internet Chess Club"]
[Date "2010.08.25"]
[Round "4"]
[White "otib2006"]
[Black "KidRattler"]
[Result "0-1"]
[WhiteElo "1280"]
[BlackElo "1122"]
[Opening "Queen's pawn game, Chigorin variation"]
[ECO "D02"]
[Time "15:04:03"]
[TimeControl "2700+45"]

1. d4 d5 2. Nf3 Nc6 3. e3 Nf6 4. Bd3 e6 5. Nbd2 Bd6 6. b3 Qe7 7. Bb2 Ba3 8. Bxa3
Qxa3 9. O-O Qd6 10. c4 O-O 11. c5 Qd7 12. Bb5 a6 13. Ne5 Qe8 14. Bxc6 bxc6 15.
b4 Bb7 16. Nb3 Bc8 17. Na5 Bd7 18. Qa4 Ne4 19. Nxd7 Qxd7 20. Qxc6 Qxc6 21. Nxc6
Rfe8 22. a4 Nd2 23. Rfd1 Nc4 24. Ne5 Nxe5 25. dxe5 Rad8 26. b5 axb5 27. axb5 Ra8
28. Rxa8 Rxa8 29. h3 Ra5 30. Rb1 Kf8 31. b6 cxb6 32. cxb6 Ra8 33. Rc1 Rb8 34.
Rb1 Ke7 35. Kf1 Kd7 36. Ke2 Kc6 37. Kd3 Rxb6 38. Rxb6+ Kxb6 39. Kd4 Kc6 40. f4
g6 41. g4 h6 42. h4 h5 43. g5 Kb5 44. e4 dxe4 45. Kxe4 Kc4 46. Ke3 Kc3 47. Ke4
Kd2 48. Kf3 Kd3 49. Kf2 Ke4 50. f5 Kxf5 {White resigns} 0-1

[Event "Team 45 45 League T46"]
[Site "Internet Chess Club"]
[Date "2010.08.27"]
[Round "4"]
[White "Just-Jim"]
[Black "crazyhorses"]
[Result "0-1"]
[WhiteElo "1357"]
[BlackElo "1551"]
[Opening "Sicilian defense"]
[ECO "B20"]
[Time "17:00:07"]
[TimeControl "2700+45"]

1. e4 c5 2. e5 Nc6 3. Nf3 e6 4. Bb5 Qb6 5. Bxc6 Qxc6 6. O-O b6 7. Re1 Bb7 8. d3
Nh6 9. Bxh6 gxh6 10. Nbd2 Rg8 11. Ne4 Be7 12. Kh1 O-O-O 13. c3 d5 14. Ned2 Kb8
15. d4 Rg7 16. a3 Rdg8 17. g3 Ba6 18. b3 h5 19. h4 Bd3 20. b4 c4 21. a4 Qc8 22.
Re3 a6 23. Ne1 Bf5 24. Nc2 Bg4 25. Qb1 Qd8 26. a5 b5 27. Na3 Bxh4 28. Nxb5 axb5
29. a6 Bg5 30. a7+ Ka8 31. f4 Bxf4 32. Qa2 Bxe3 33. Qa6 Qc7 34. Qxb5 Bxd2 35.
Ra6 Bf3+ 36. Kh2 Rxg3 37. Rc6 Rg2+ 38. Kh3 R8g3+ 39. Kh4 Bg5# {White checkmated}
0-1

[Event "Team 45 45 League T46"]
[Site "Internet Chess Club"]
[Date "2010.08.30"]
[Round "4"]
[White "milesotoole"]
[Black "seattleblues"]
[Result "0-1"]
[WhiteElo "1390"]
[BlackElo "1279"]
[Opening "French: Rubinstein variation"]
[ECO "C10"]
[Time "21:30:32"]
[TimeControl "2700+45"]

1. e4 e6 2. d4 d5 3. Nc3 dxe4 4. Nxe4 Nd7 5. Nf3 Ngf6 6. Bd3 Be7 7. Nxf6+ Nxf6
8. Qe2 O-O 9. Bg5 h6 10. Bd2 Bd7 11. O-O-O Bc6 12. Ne5 Qxd4 13. Bxh6 gxh6 14.
Bh7+ Nxh7 15. Rxd4 Bg5+ 16. f4 Bf6 17. Nxc6 bxc6 18. Rd7 Rfc8 19. Qh5 Rf8 20.
Rxc7 Rab8 21. c3 Rb5 22. Qxh6 Bg7 23. Qh4 a5 24. Rxc6 a4 25. Rd1 Nf6 26. Rcd6
Rh5 27. Qe1 Nd5 28. c4 Nxf4 29. Qg3 Ne2+ 30. Kc2 Nxg3 31. hxg3 Rc5 32. b3 axb3+
33. axb3 Ra5 34. b4 Ra2+ 35. Kb3 Rb2+ 36. Ka4 Ra8+ 37. Kb5 Rb8+ 38. Rb6 Rxb6+
39. Kxb6 Rxb4+ 40. Kc5 Bf8+ 41. Kd4 Bg7+ 42. Kc5 Bf8+ 43. Kd4 Bg7+ 44. Kd3 Rb3+
45. Ke4 Rxg3 46. c5 Rg4+ 47. Kd3 Rd4+ 48. Kc3 Rxd1+ 49. Kc4 Rc1+ 50. Kb5 Be5 51.
Kb6 Kf8 52. c6 Ke8 53. Kb7 Kd8 54. g4 Rg1 55. g5 Rxg5 56. Kb6 f5 57. Kb7 f4 58.
c7+ Bxc7 59. Kc6 f3 60. Kb7 f2 61. Kc6 f1=Q 62. Kb7 Qb1+ 63. Ka8 Qb8# {White
checkmated} 0-1

[Event "Team 45 45 League T46"]
[Site "Internet Chess Club"]
[Date "2010.08.27"]
[Round "4"]
[White "guyd52"]
[Black "Toalla"]
[Result "0-1"]
[WhiteElo "1186"]
[BlackElo "1181"]
[Opening "Benko's opening"]
[ECO "A00"]
[Time "17:28:43"]
[TimeControl "2700+45"]

1. g3 c6 2. Nf3 d5 3. Bg2 g6 4. d4 Bg7 5. c3 Nf6 6. O-O Nbd7 7. Bf4 O-O 8. Nbd2
Nh5 9. Bg5 f6 10. Be3 e5 11. Nb3 e4 12. Nh4 f5 13. Qd2 Ndf6 14. Bg5 Qc7 15. f3
exf3 16. exf3 Nd7 17. Rae1 Nhf6 18. Bf4 Qd8 19. Bd6 Re8 20. Qf4 Nh5 21. Qd2 Nb6
22. Rxe8+ Qxe8 23. Re1 Qd7 24. Bb4 Nc4 25. Qc1 Nd6 26. Nc5 Qc7 27. f4 Bd7 28.
Ne6 Bxe6 29. Rxe6 Ne4 30. Re7 Qc8 31. Bxe4 dxe4 32. Qf1 Nf6 33. Qc4+ Nd5 34. Bc5
Kh8 35. Ng2 Nxe7 36. Bxe7 Qg8 37. Qb4 b6 38. c4 Bxd4+ 39. Kf1 c5 40. Qb3 Re8 41.
Bg5 Qg7 42. a4 h6 43. Qb5 Rg8 44. Bh4 g5 45. Ke2 gxh4 46. Nxh4 Qg4+ 47. Kd2 Rd8
48. b3 Bf6+ 49. Ke3 Rd3+ 50. Kf2 Bd4+ 51. Kg2 Rd2+ 52. Kf1 Qd1# {White
checkmated} 0-1

[Event "Team 45 45 League T46"]
[Site "Internet Chess Club"]
[Date "2010.08.26"]
[Round "4"]
[White "CaoCao"]
[Black "RamRock"]
[Result "1/2-1/2"]
[WhiteElo "1938"]
[BlackElo "1814"]
[Opening "Caro-Kann: classical, Spassky variation"]
[ECO "B18"]
[Time "22:06:26"]
[TimeControl "2700+45"]

1. e4 c6 2. d4 d5 3. Nc3 dxe4 4. Nxe4 Bf5 5. Ng3 Bg6 6. Nf3 Nd7 7. h4 h6 8. h5
Bh7 9. Bd3 Bxd3 10. Qxd3 e6 11. Bd2 Ngf6 12. O-O-O Be7 13. Kb1 c5 14. Bc3 O-O
15. Ne4 Nd5 16. dxc5 Nxc5 17. Nxc5 Bxc5 18. Bd4 Qc7 19. c3 Bxd4 20. Qxd4 Rfd8
21. Qe5 Qxe5 22. Nxe5 Nf6 23. g4 Ne4 24. f3 Nf2 25. Rxd8+ Rxd8 26. Rf1 Rd2 27.
Nc4 Re2 28. Nd6 Nd3 29. b3 Nc5 30. Nc4 Kf8 31. Rd1 Ke7 32. Nd2 Nd3 33. Kc2 Ne1+
34. Kc1 Ng2 35. Rg1 Ne3 36. c4 Kd7 37. g5 hxg5 38. Rxg5 Rg2 39. Rxg2 Nxg2 40.
Ne4 Nh4 41. Nd2 Kd6 42. Kd1 Ke5 43. Ke2 Ng2 44. Ne4 Nf4+ 45. Kd2 Nxh5 46. a4 Nf6
47. Ng5 Nd7 48. Nxf7+ Kf6 49. Nd6 Nc5 50. b4 Nxa4 51. Nxb7 Nb6 52. Nd6 Ke5 53.
c5 Nd5 54. b5 Nc7 55. Nf7+ Kd5 56. b6 axb6 57. cxb6 Na6 58. b7 Kc6 59. Ke3 Kxb7
60. Nd8+ Kc8 61. Nxe6 g6 62. Nf8 Kd8 63. Nxg6 Nc5 64. Kd4 Nd7 65. Kd5 Ke8 66. f4
Kf7 67. Ne5+ Nxe5 68. Kxe5 Ke7 {Game drawn by mutual agreement} 1/2-1/2

[Event "Team 45 45 League T46"]
[Site "Internet Chess Club"]
[Date "2010.08.31"]
[Round "4"]
[White "picante"]
[Black "Twan709"]
[Result "0-1"]
[WhiteElo "1818"]
[BlackElo "1812"]
[Opening "Tennison (Lemberg, Zukertort) gambit"]
[ECO "A06"]
[Time "19:09:30"]
[TimeControl "2700+45"]

1. Nf3 d5 2. e4 dxe4 3. Ng5 Nf6 4. Bc4 e6 5. Nc3 Be7 6. Ngxe4 O-O 7. Nxf6+ Bxf6
8. Ne4 Nc6 9. a4 b6 10. O-O Bb7 11. Ra3 Ne5 12. Nxf6+ Qxf6 13. Ba2 c5 14. Rh3
Qg5 15. Rg3 Qf5 16. d3 Qf6 17. Bg5 Qf5 18. Bh6 Ng6 19. Bd2 Rad8 20. Bc3 e5 21.
f4 exf4 22. h4 h6 23. Rxf4 Qxf4 24. Rxg6 Rd4 25. Qe2 Kh8 26. Rg4 Qxg4 {White
resigns} 0-1

[Event "Team 45 45 League T46"]
[Site "Internet Chess Club"]
[Date "2010.08.29"]
[Round "4"]
[White "cepheid"]
[Black "RD1974"]
[Result "0-1"]
[WhiteElo "1639"]
[BlackElo "1858"]
[Opening "Scandinavian: Pytel-Wade variation"]
[ECO "B01"]
[Time "19:01:03"]
[TimeControl "2700+45"]

1. e4 d5 2. exd5 Qxd5 3. Nc3 Qd6 4. g3 Nf6 5. Bg2 Bg4 6. Nge2 Nc6 7. O-O e5 8.
d3 O-O-O 9. Be3 a6 10. Qd2 Nd4 11. Rfe1 Nf3+ 12. Bxf3 Bxf3 13. Reb1 Qe6 14. Kf1
Qh3+ 15. Ke1 Qxh2 16. Kd1 e4 17. d4 Ng4 18. Qe1 c5 19. Kc1 Nxe3 20. fxe3 cxd4
21. Nxd4 Bb4 22. Qf1 Kb8 23. a3 Be7 24. b4 Bg5 25. Qe1 Rxd4 26. Kb2 Rd2 27. Rc1
Bf6 28. Kb3 Bxc3 29. Kxc3 Rc8+ 30. Kb3 Bg4 31. c4 Be6 32. Qf1 Rd3+ 33. Ka4 Bd7+
34. b5 axb5+ 35. cxb5 Bxb5+ 36. Kxb5 Qb2+ 37. Ka4 Qb3+ 38. Ka5 Rd5+ 39. Rc5
Rcxc5+ 40. Qb5 Qxb5# {White checkmated} 0-1

[Event "Team 45 45 League T46"]
[Site "Internet Chess Club"]
[Date "2010.08.27"]
[Round "4"]
[White "Tamarin"]
[Black "slowdown"]
[Result "1/2-1/2"]
[WhiteElo "1816"]
[BlackElo "1665"]
[Opening "QGD: Orthodox defense, Bd3 line, fianchetto variation"]
[ECO "D66"]
[Time "20:30:25"]
[TimeControl "2700+45"]

1. d4 Nf6 2. c4 e6 3. Nc3 d5 4. Bg5 Be7 5. e3 O-O 6. Nf3 Nbd7 7. Bd3 c6 8. Rc1
dxc4 9. Bxc4 b5 10. Bd3 Bb7 11. Qc2 h6 12. Bh4 a6 13. O-O c5 14. Rfd1 Nh5 15.
Bxe7 Qxe7 16. dxc5 Nxc5 17. Be4 Nxe4 18. Nxe4 Rac8 19. Qd3 Rxc1 20. Rxc1 Rd8 21.
Qc2 Nf6 22. Nxf6+ gxf6 23. Nd4 Rc8 24. Qd2 Rxc1+ 25. Qxc1 Qd6 26. f3 f5 27. Qe1
f4 28. Nc2 fxe3 29. Nxe3 Qd4 30. Qf2 Kh7 31. Qc2+ Kg8 32. Qf2 {Game drawn by
mutual agreement} 1/2-1/2

[Event "Team 45 45 League T46"]
[Site "Internet Chess Club"]
[Date "2010.08.30"]
[Round "4"]
[White "Kingofknights"]
[Black "MeanMrMustard"]
[Result "0-1"]
[WhiteElo "1640"]
[BlackElo "1868"]
[Opening "QGD Slav: Tolush-Geller gambit"]
[ECO "D15"]
[Time "21:00:08"]
[TimeControl "2700+45"]

1. d4 d5 2. c4 c6 3. Nf3 Nf6 4. Nc3 dxc4 5. e4 b5 6. e5 Nd5 7. a4 e6 8. axb5
Nxc3 9. bxc3 cxb5 10. Ng5 Bb7 11. Qh5 g6 12. Qg4 Be7 13. Be2 Nd7 14. Bf3 Qc7 15.
O-O Nb6 16. Re1 Nd5 17. Bd2 a5 18. Nxe6 fxe6 19. Qxe6 Qd7 20. Qxd7+ Kxd7 21. e6+
Kc8 22. Re5 Nc7 23. Bg5 Bxg5 24. Bxb7+ Kxb7 25. Rxg5 Kc6 26. Rc5+ Kd6 27. Re1
Rhe8 28. f4 Rxe6 29. Rxe6+ Nxe6 30. Rxb5 Nxf4 31. Kf2 a4 32. Rb2 Nd3+ {White
resigns} 0-1